 Dungeon Crawl Stone Soup version 0.18.1-48-g4cf74bf (webtiles) character file.

1537 FloraKitsune the Basher (level 8, -4/130 HPs)
             Began as an Ogre Hunter on July 31, 2016.
             Was a Believer of Okawaru.
             Slain by an orc
             ... wielding a cursed +0 trident
              (10 damage)
             ... on level 6 of the Dungeon.
             The game lasted 00:10:53 (7293 turns).

FloraKitsune the Basher (Ogre Hunter)               Turns: 7293, Time: 00:10:54

Health: -4/130     AC:  4    Str: 25    XL:     8   Next: 86%
Magic:  8/8        EV: 10    Int: 10    God:    Okawaru [**....]
Gold:   233        SH:  0    Dex: 10    Spells: 1 memorised, 5 levels left

rFire  . . .     SeeInvis .     D - +0 flail
rCold  . . .     Gourm    .     b - +0 robe
rNeg   . . .     Faith    +     (no shield)
rPois  +         Spirit   .     (helmet restricted)
rElec  .         Dismiss  .     z - +0 cloak
rCorr  .         Reflect  .     (gloves unavailable)
SustAt .         Harm     .     (boots unavailable)
MR     .....                    v - amulet of faith
Stlth  ..........               j - ring of loudness (curse)
                                i - ring of poison resistance

@: mighty, berserking, very quick, not resistant to hostile enchantments,
extremely unstealthy
A: unfitting armour, tough skin 1
a: Heroism, Renounce Religion


You were on level 6 of the Dungeon.
You worshipped Okawaru.
Okawaru was pleased with you.
You were not hungry.

You visited 2 branches of the dungeon, and saw 7 of its levels.

You collected 233 gold pieces.

Inventory:

Hand Weapons
 D - a +0 flail (weapon)
 G - a +0 giant spiked club
Missiles
 c - 8 large rocks (quivered)
 d - 2 throwing nets
Armour
 b - a +0 robe (worn)
 z - a +0 cloak (worn)
Jewellery
 i - a ring of poison resistance (left hand)
 j - a cursed ring of loudness (right hand)
 p - an uncursed ring of stealth
 u - an uncursed amulet of regeneration
 v - an amulet of faith (around neck)
Wands
 E - a wand of digging (14/24)
Scrolls
 a - 3 scrolls of remove curse {unknown}
 k - 2 scrolls of blinking {unknown}
 q - 3 scrolls of amnesia {unknown}
 s - 2 scrolls of enchant armour {unknown}
 t - 2 scrolls of magic mapping {unknown}
 w - a scroll of noise {unknown}
 x - a scroll of teleportation {unknown}
 y - a scroll of fear {unknown}
 F - 2 scrolls of fog {unknown}
Potions
 g - 3 potions of flight
 h - 2 potions of haste
 l - 3 potions of curing
 m - a potion of magic
 o - a potion of might
 B - a potion of berserk rage
 C - 2 potions of agility {unknown}
 H - a potion of cancellation {unknown}
Comestibles
 f - 4 bread rations
 n - 2 beef jerkies
 r - 3 fruits
 A - a meat ration


   Skills:
 + Level 7.5 Fighting
 * Level 11.4 Maces & Flails
 - Level 4.5 Throwing
 - Level 1.7 Dodging
 - Level 0.7 Stealth


You had 5 spell levels left.
You knew the following spells:

 Your Spells              Type           Power        Failure   Level  Hunger
a - Repel Missiles        Chrm/Air       #.....       61%         2    ###....


Dungeon Overview and Level Annotations

Branches:
Dungeon (6/15)             Temple (1/1) D:5

Altars:
Cheibriados
Gozag
Kikubaaqudgha
Okawaru
Ru
Sif Muna
Xom
Yredelemnul
Zin
The Shining One

Shops:
D:4 [   D:6 }

Annotations:
D:3 Situis's ghost, amateur DrGl


Innate Abilities, Weirdness & Mutations

You are too large for most types of armour.
You have tough skin (AC +1).


Message History

You sock the orc warrior!
The orc warrior is heavily wounded.
The orc warrior hits you with a war axe!!
* * * LOW HITPOINT WARNING * * *
You completely miss the orc warrior.
The orc warrior is heavily wounded.
The orc priest miscasts a cantrip.
You hit the orc warrior.
The orc warrior is heavily wounded.
The orc warrior completely misses you.
You closely miss the orc warrior.
The orc warrior is heavily wounded.
You sock the orc warrior!
You kill the orc warrior!
Okawaru accepts your kill.
You bludgeon the orc priest!!
You kill the orc priest!
Okawaru accepts your kill. The orc hits you with a trident!
You die...

..#### #.# #.#
.....# #.# #.#
..##.# #.# #.#
.###.#####.#
#####.#
..##)......#
#...#.#
.....####### #....
.>##.# ... .###.#
#o# .# #.# #@# ##
#.# #.# # #.# #.#
## #.# #.# .###.#
#.# .....# #.#
...### #.# .....#
#.#
...#.###########.#


You could see an orc.

Vanquished Creatures
  Eustachio (D:4)
  A mottled dragon (D:6)
  A sky beast (D:6)
  An orc warrior (D:6)
  A phantom (D:6)
  An ogre (D:5)
  4 centaurs (D:6)
  Blork the orc (D:4)
  A scorpion (D:5)
  A howler monkey (D:4)
  A centaur zombie (D:6)
  A crimson imp (D:6)
  2 orc priests
  An iguana (D:6)
  An orc wizard (D:5)
  3 worker ants
  A howler monkey zombie (D:5)
  6 adders
  3 gnolls (D:2)
  5 oozes
  An adder skeleton (D:4)
  4 worms
  2 dart slugs
  2 giant geckos
  3 orcs
  10 giant cockroaches
  10 goblins
  7 hobgoblins
  9 jackals
  3 quokkas (D:2)
  4 ball pythons
  4 bats
  A giant gecko skeleton (D:4)
  4 giant newts
  5 kobolds
  5 rats
111 creatures vanquished.

Notes
Turn   | Place    | Note
--------------------------------------------------------------
     0 | D:1      | FloraKitsune the Ogre Hunter began the quest for the Orb.
     0 | D:1      | Reached XP level 1. HP: 22/22 MP: 1/1
   402 | D:1      | Reached XP level 2. HP: 29/29 MP: 2/2
   535 | D:1      | Reached skill level 1 in Maces & Flails
   952 | D:1      | Reached XP level 3. HP: 33/36 MP: 3/3
   953 | D:1      | Reached skill level 2 in Maces & Flails
  1487 | D:2      | Reached skill level 3 in Maces & Flails
  1618 | D:2      | Reached XP level 4. HP: 21/44 MP: 4/4
  1848 | D:2      | Reached skill level 4 in Maces & Flails
  2185 | D:2      | Reached skill level 5 in Maces & Flails
  2185 | D:2      | Reached XP level 5. HP: 44/50 MP: 5/5
  2345 | D:2      | Found a deep blue altar of Sif Muna.
  2757 | D:3      | Noticed Situis's ghost (amateur DrGl)
  3619 | D:4      | Noticed Eustachio
  3639 | D:4      | Reached skill level 6 in Maces & Flails
  3681 | D:4      | Killed Eustachio
  3681 | D:4      | Reached skill level 7 in Maces & Flails
  3681 | D:4      | Reached XP level 6. HP: 27/62 MP: 6/6
  3871 | D:4      | Found Giuv's Antique Armour Shop.
  3878 | D:4      | Noticed Blork the orc
  3885 | D:4      | Killed Blork the orc
  4237 | D:4      | Reached skill level 8 in Maces & Flails
  4237 | D:4      | Reached XP level 7. HP: 64/71 MP: 7/7
  4410 | D:5      | Entered Level 5 of the Dungeon
  4420 | D:5      | Learned a level 2 spell: Repel Missiles
  4910 | D:5      | Reached skill level 5 in Fighting
  4996 | D:5      | Found a staircase to the Ecumenical Temple.
  5002 | Temple   | Entered the Ecumenical Temple
  5052 | Temple   | Became a worshipper of Warmaster Okawaru
  5152 | D:5      | Reached skill level 9 in Maces & Flails
  5457 | D:5      | Found an opulent altar of Gozag.
  5458 | D:5      | Found a glowing silver altar of Zin.
  5823 | D:6      | Found Jureide's Gadget Shoppe.
  6015 | D:6      | Reached * piety under Okawaru
  6015 | D:6      | Reached XP level 8. HP: 23/83 MP: 8/8
  6344 | D:6      | Reached skill level 10 in Maces & Flails
  7123 | D:6      | Reached skill level 11 in Maces & Flails
  7287 | D:6      | HP: 5/130 [orc warrior/war axe (18)]
  7291 | D:6      | Reached ** piety under Okawaru
  7293 | D:6      | Slain by an orc

Skill      XL: |  1  2  3  4  5  6  7  8 |
---------------+-------------------------+-----
Maces & Flails | 1 3 5 7 8 9 11 | 11.4
Fighting       | 3 4 6 7 |  7.5
Throwing       | |  4.5
Dodging        | |  1.7
Stealth        | |  0.7

Action                   |  1- 3 |  4- 6 |  7- 9 || total
-------------------------+-------+-------+-------++-------
Melee: Short sword       |    31 |       |       ||    31
       Whip              |   120 |   129 |       ||   249
       Flail             |       |   105 |   151 ||   256
Throw: Large rock        |     2 |       |       ||     2
Invok: Heroism           |       |       |     1 ||     1
  Use: Scroll            |       |     5 |     2 ||     7
       Potion            |       |       |     6 ||     6
  Eat: Chunk             |     2 |     9 |     6 ||    17
       Bread ration      |       |       |     1 ||     1
Armor: Robe              |    35 |    59 |    35 ||   129
       Skin              |       |       |    42 ||    42
Dodge: Dodged            |    84 |   119 |    65 ||   268
